 Dungeon Crawl Stone Soup version 0.31.0-12-g77e489cdc1 (webtiles) character file.

Game seed: 13028143599045383833

44 monsoonserge the Covert (level 3, -1/20 HPs)
             Began as a Spriggan Delver on Feb 23, 2024.
             Succumbed to an adder's poison
             ... in a sewer.
             The game lasted 00:01:22 (87 turns).

monsoonserge the Covert (Spriggan Delver)             Turns: 87, Time: 00:01:23

Health: -1/20      AC:  2    Str:  8    XL:     3   Next: 39%
Magic:  4/4        EV: 18    Int: 11    God:
Gold:   0          SH:  0    Dex: 18    Spells: 2/2 levels left

rFire   . . .        a - +0 short sword
rCold   . . .        (no shield)
rNeg    . . .        b - +0 robe
rPois   .            (helmet restricted)
rElec   +            (no cloak)
rCorr   .            (gloves unavailable)
SInv    +            (boots unavailable)
Will    .....        (no amulet)
Stlth   ++++         (no ring)
HPRegen 0.23/turn    (no ring)
MPRegen 0.09/turn

%: no passive effects
@: lethally poisoned (-1 -> -9), very quick
A: very small, no large weapons, unfitting armour, see invisible, speed 3, horns
1, passive freeze, electricity resistance
a: no special abilities


You were in a sewer.
You visited 1 branch of the dungeon, and saw 1 of its levels.
You also visited: Sewer.

Inventory:

Hand Weapons
 a - a +0 short sword (weapon)
Armour
 b - a +0 robe (worn)
Wands
 g - a wand of digging (3)
Scrolls
 c - a scroll of fog
 d - a scroll of revelation
 e - a scroll of fear
Potions
 f - a potion of haste


   Skills:
 + Level 3.0 Fighting
 - Level 2.6 Short Blades
 - Level 2.8 Dodging
 - Level 8.0 Stealth


You had 2 spell levels left.
You didn't know any spells.
Your spell library was empty.

Dungeon Overview and Level Annotations

Branches:
Dungeon (5/15)              Sewer (1/1)
 Temple: D:4-7

Altars:


Innate Abilities, Weirdness & Mutations

You are very small and have problems with some larger weapons.
You are too small for most types of armour.
You have supernaturally acute eyesight. (SInv)
You cover ground extremely quickly. (Speed+++)
You have a pair of small horns on your head.
A frigid envelope surrounds you and freezes all who hurt you.
You are resistant to electric shocks. (rElec)


Message History

You are poisoned.
The adder poisons you!
You hit the adder.
The adder is lightly wounded.
You feel sick. The adder bites you.
You are more poisoned.
The adder poisons you!
You hit the adder.
The adder is moderately wounded.
You feel very sick. The adder bites you.
You are more poisoned.
The adder poisons you!
You are lethally poisoned (8 -> -6).
Your movement speed is very quick.
Your attack delay is about 0.8.
Your damage rating with your +0 short sword is about 6 (Base 5 x 120% (Dex) x 109% (Skill)).
Okay, then.
It was a potion of mutation.
You feel extremely strange. A pair of horns grows on your head!
You feel insulated.
Your skin feels very cold.
* * * LOW HITPOINT WARNING * * *
You feel very sick. The adder barely misses you.
You hit the adder.
The adder is severely wounded.
* * * LOW HITPOINT WARNING * * *
You feel sick. The adder bites you.
* * * LOW HITPOINT WARNING * * *
The adder is very cold.
The adder is almost dead.
You hit the adder but do no damage.
The adder is almost dead.
* * * LOW HITPOINT WARNING * * *
You feel sick. The adder bites you but does no damage.
The adder is very cold.
You kill the adder!
Your Fighting skill increases to level 3!
You are lethally poisoned (1 -> -7).
Your movement speed is very quick.
Your attack delay is about 0.8.
Your damage rating with your +0 short sword is about 6 (Base 5 x 120% (Dex) x 110% (Skill)).
You die...

# #.
#+##'##+##+##+##
................
~~~~~~~.~~~~~~~~
≈≈≈≈≈≈≈†≈≈≈≈≈≈≈≈
~~~~~~~@~~~~~~~~
.........†......
#+##'##.##+##+##
#. #.# # #∩# ###


There were no monsters in sight!

Vanquished Creatures
  A hound (D:5)
  An adder (Sewer)
  3 giant cockroaches
5 creatures vanquished.

Notes
Turn   | Place    | Note
-------+----------+-------------------------------------------
     0 | D:5      | monsoonserge the Spriggan Delver began the quest for the
                  | Orb.
     0 | D:5      | Reached XP level 1. HP: 11/11 MP: 2/2
     2 | D:5      | Noticed a hound
    13 | D:5      | Killed a hound
    14 | D:5      | Reached skill level 8 in Stealth
    14 | D:5      | Reached XP level 2. HP: 16/16 MP: 3/3
    14 | D:5      | Reached XP level 3. HP: 19/19 MP: 4/4
    27 | D:5      | Found a glowing drain.
    76 | Sewer    | Entered a sewer
    84 | Sewer    | Gained mutation: You have a pair of small horns on your
                  | head. [potion of mutation]
    84 | Sewer    | Gained mutation: You are resistant to electric shocks.
                  | (rElec) [potion of mutation]
    84 | Sewer    | Gained mutation: A frigid envelope surrounds you and
                  | freezes all who hurt you. [potion of mutation]
    87 | Sewer    | Succumbed to an adder's poison

Illustrated notes

Levels and vault maps discovered:
D:5:      layout_basic, portal_sewer_entry_c
Sewer:    kennysheep_door_sewer

Skill      XL: |  1  2  3 |
---------------+----------+-----
Stealth        | 8 |  8.0
Fighting       | 3 |  3.0
Short Blades   | |  2.6
Dodging        | |  2.8

Action                     || total
---------------------------++-------
  Melee: Short sword       ||    16
    Use: Potion            ||     1
   Stab: Sleeping          ||     3
 Armour: Robe              ||    12
  Dodge: Dodged            ||    12
